 Dungeon Crawl Stone Soup version 0.29-a0-909-g30c7767f5c (webtiles) character file.

Game seed: 686755754665800431

853 Querens the Shield-Bearer (level 8, 0/70 HPs)
             Began as a Meteoran Fighter on July 25, 2022.
             Slain by an ogre
             ... wielding a +0 giant spiked club
              (15 damage)
             ... on level 5 of the Dungeon.
             The game lasted 00:08:49 (2459 turns).

Querens the Shield-Bearer (Meteoran Fighter)        Turns: 2459, Time: 00:08:50

Health: 0/70       AC: 11    Str: 25    XL:     8   Next: 45%
Magic:  0/9        EV:  8    Int: 10    God:
Gold:   222        SH:  5    Dex: 14    Spells: 7/7 levels left

rFire   . . .      SeeInvis .   a - +0 war axe
rCold   . . .      Faith    .   c - +0 buckler
rNeg    . . .      Spirit   +   t - +0 chain mail
rPois   .          Reflect  .   r - +0 helmet
rElec   .          Harm     .   (no cloak)
rCorr   .          Rampage  .   (no gloves)
Will    +....                   (no boots)
Stlth   ..........              q - amulet of guardian spirit
HPRegen 0.21/turn               v - +6 ring of strength
MPRegen 0.11/turn               (no ring)

@: glowing
A: sense surroundings 1, otherworldly, glowing, explore regen
a: no special abilities


You were on level 5 of the Dungeon.
You visited 1 branch of the dungeon, and saw 5 of its levels.

You collected 222 gold pieces.

Inventory:

Hand Weapons
 a - a +0 war axe (weapon)
Armour
 c - a +0 buckler (worn)
 r - a +0 helmet (worn)
 t - a +0 chain mail (worn)
Jewellery
 q - an amulet of guardian spirit (around neck)
 v - a +6 ring of strength (left hand)
Wands
 s - a wand of iceblast (10)
Scrolls
 e - 5 scrolls of identify {unknown}
 f - a scroll of blinking {unknown}
 g - a scroll of fog {unknown}
 h - a scroll of magic mapping {unknown}
 m - a scroll of noise {unknown}
 n - 4 scrolls of teleportation {unknown}
 o - a scroll of vulnerability {unknown}
 p - 4 scrolls of immolation {unknown}
 x - a scroll of enchant weapon {unknown}
Potions
 b - a potion of magic {unknown}
 d - a potion of might
 i - 2 potions of flight
 j - 2 potions of curing
 k - a potion of berserk rage {unknown}
 l - 2 potions of heal wounds {unknown}
 u - a potion of brilliance {unknown}
 w - a potion of haste {unknown}


   Skills:
 + Level 5.7 Fighting
 + Level 5.6 Axes
 + Level 6.3 Armour
 + Level 6.4 Shields


You had 7 spell levels left.
You didn't know any spells.
Your spell library contained the following spells:

 Spells                   Type           Power      Damage    Failure   Level
 Apportation              Tloc           0%         N/A       96%         1
 Necrotise                Necr           0%         1d4       96%         1
 Summon Small Mammal      Summ           0%         N/A       96%         1
 Static Discharge         Conj/Air       0%         3-3/arc   99%         2
 Gell's Gravitas          Tloc           0%         N/A       100%        3
 Lesser Beckoning         Tloc           0%         N/A       100%        3
 Teleport Other           Tloc           0%         N/A       100%        3
 Dispel Undead            Necr           0%         3d6       100%        4
 Sticky Flame             Conj/Fire      0%         2d3       100%        4


Dungeon Overview and Level Annotations

Branches:
Dungeon (5/15) Zot: 628
 Temple: D:4-7

Altars:
Xom

Shops:
D:5 =

Annotations:
D:5 2 transporters, Olga's ghost, novice GnSu


Innate Abilities, Weirdness & Mutations

You passively map a small area around you.
You are easily found by Zot.
You glow in the dark.
You regain HP and MP as you explore.


Message History

Found a long sword.
Found Efruiq's Jewellery Emporium.
Found an amulet of guardian spirit.
The hound barks!
Found a spear.
Found a stone staircase leading down.
The hound pauses to sniff the ground.
An ogre comes into view. It is wielding a +0 giant spiked club.
The ogre shouts!
Aiming: Iceblast
Press: ? - help, Shift-Dir - straight line
Okay, then.
Unknown command.
You barely miss the ogre.
The ogre hits you with a +0 giant spiked club!
You hit the ogre but do no damage.
The ogre hits you with a +0 giant spiked club.
You completely miss the ogre. The ogre barely misses you.
You hit the ogre but do no damage. You block the ogre's attack.
You hit the ogre.
The ogre is lightly wounded.
The ogre barely misses you.
You slash the ogre!
The ogre is heavily wounded.
You completely miss the ogre.
The ogre is heavily wounded.
The ogre completely misses you.
You hit the ogre.
The ogre is heavily wounded.
The ogre hits you with a +0 giant spiked club!!
You completely miss the ogre.
The ogre is heavily wounded.
The ogre hits you with a +0 giant spiked club!!
* * * LOW HITPOINT WARNING * * *
You hit the ogre.
The ogre is severely wounded.
The ogre closely misses you.
You slash the ogre!
The ogre is almost dead.
The ogre hits you with a +0 giant spiked club!
You die...

, #.# ...... ##.#
* ...... ###..## ,
......# ##.....##
....... #.#####.#
....... #.#...#.#
*#.... #.#.∩.#.#
#...O#####.#.."#.#
#....@.....#.>)#.#
##...####..#h..#.#
#... #..#####.#
#... #.......##
#### ##....###
######


You could see an ogre.

Vanquished Creatures
  Sigmund (D:2)
  2 ice beasts (D:5)
  A phantom (D:5)
  A scorpion (D:5)
  A hound (D:5)
  An orc priest (D:3)
  4 orc wizards
  Robin (D:3)
  6 adders
  3 worms
  3 dart slugs
  16 orcs
  3 ball pythons
  5 endoplasms
  6 giant cockroaches
  17 goblins
  13 hobgoblins
  2 quokkas
  7 bats
  10 frilled lizards
  10 kobolds
  9 rats
122 creatures vanquished.

Vanquished Creatures (others)
  8 plants (D:2)
8 creatures vanquished.

Grand Total: 130 creatures vanquished

Notes
Turn   | Place    | Note
-------+----------+-------------------------------------------
     0 | D:1      | Querens the Meteoran Fighter began the quest for the Orb.
     0 | D:1      | Reached XP level 1. HP: 19/19 MP: 2/2
    34 | D:1      | Reached XP level 2. HP: 22/26 MP: 3/3
   195 | D:1      | Reached XP level 3. HP: 29/31 MP: 4/4
   300 | D:1      | Found a faded altar of an unknown god.
   642 | D:2      | Noticed Sigmund
   655 | D:2      | Killed Sigmund
   656 | D:2      | Reached XP level 4. HP: 21/41 MP: 5/5
   656 | D:2      | Reached XP level 5. HP: 25/47 MP: 6/6
   656 | D:2      | Reached XP level 6. HP: 28/53 MP: 7/7
   864 | D:2      | Reached skill level 5 in Armour
   864 | D:2      | Reached skill level 5 in Shields
  1053 | D:2      | Glimpsed the power of Zot.
  1103 | D:2      | Glimpsed the power of Zot.
  1140 | D:2      | Glimpsed the power of Zot.
  1149 | D:2      | Touched by the power of Zot.
  1448 | D:3      | Noticed Robin
  1524 | D:3      | Reached XP level 7. HP: 13/47 MP: 2/8
  1529 | D:3      | Killed Robin
  1603 | D:3      | Found a shimmering altar of Xom.
  1886 | D:4      | Reached skill level 5 in Fighting
  2076 | D:5      | Entered Level 5 of the Dungeon
  2129 | D:5      | Found a transporter.
  2138 | D:5      | Found a transporter.
  2139 | D:5      | Noticed Olga's ghost (novice GnSu)
  2190 | D:5      | Reached skill level 5 in Axes
  2217 | D:5      | Reached XP level 8. HP: 45/69 MP: 9/9
  2426 | D:5      | Found Efruiq's Jewellery Emporium.
  2459 | D:5      | Slain by an ogre

Illustrated notes

Levels and vault maps discovered:
D:1:      minmay_arrival_four_loops, layout_basic,
          shapermc_ecumenical_altar_venn, corexii_corridor_pit
D:2:      layout_basic, minmay_lizard_king, uniq_sigmund
D:3:      layout_rooms, mainiacjoe_overflow_six_doors_small,
          amcnicky_mini_pool_small, hangedman_decor_lopped, uniq_robin
D:4:      layout_cave_pools
D:5:      layout_basic, serial_shops, nicolae_take_the_stairs,
          gammafunk_ghost_mausoleum, chequers_avenue

Skill      XL: |  1  2  3  4  5  6  7 |
---------------+----------------------+-----
Armour         | 4 5 6 |  6.3
Shields        | 4 5 6 |  6.4
Axes           | 4 5 |  5.6
Fighting       | 4 5 |  5.7

Action                   |  1- 3 |  4- 6 |  7- 9 || total
-------------------------+-------+-------+-------++-------
Melee: War axe           |    86 |   112 |   147 ||   345
  Use: Potion            |       |     2 |       ||     2
Armor: Scale mail        |    54 |    75 |    16 ||   145
       Chain mail        |       |       |    74 ||    74
Dodge: Dodged            |    34 |    66 |    43 ||   143
Block: Buckler           |    19 |    41 |    35 ||    95

Table legend: (Time is in decaauts)
 A = Elapsed time spent in this place.
 B = Non-inter-level travel time spent in this place.
 C = Inter-level travel time spent in this place.
 D = Time resting spent in this place.
 E = Time spent auto-exploring this place.
 F = Levels seen in this place.
 G = Mean time per level.
                   A        B        C        D        E       F      G
               +--------+--------+--------+--------+--------+-----+--------+
         Total |   2570 |   2390 |    180 |      0 |      0 |   5 |  514.0 |
       Dungeon |   2570 |   2390 |    180 |      0 |      0 |   5 |  514.0 |
               +--------+--------+--------+--------+--------+-----+--------+

Top non-repeatable levels by time:
     D:2: 777 daAuts
     D:3: 495 daAuts
     D:1: 489 daAuts
     D:4: 406 daAuts
     D:5: 402 daAuts
